 Dungeon Crawl Stone Soup version 0.18.1-48-g4cf74bf (webtiles) character file.

622 Gargoyl the Covered (level 7, -7/81 HPs)
             Began as a Demonspawn Abyssal Knight on Sept 5, 2016.
             Was a Believer of Lugonu.
             Killed from afar by Dowan (18 damage)
             ... with a stone arrow
             ... on level 4 of the Dungeon.
             The game lasted 00:07:34 (4001 turns).

Gargoyl the Covered (Demonspawn Abyssal Knight)     Turns: 4001, Time: 00:07:34

Health: -7/81      AC: 23    Str: 19    XL:     7   Next: 22%
Magic:  9/9        EV:  2    Int: 14    God:    Lugonu [**....]
Gold:   302        SH:  0    Dex: 17    Spells: 0 memorised, 6 levels left

rFire  . . .     SeeInvis .     a - +1 hand axe
rCold  + . .     Gourm    +     (armour currently unavailable)
rNeg   + + +     Faith    .     (no shield)
rPois  +         Spirit   .     (helmet currently unavailable)
rElec  .         Dismiss  .     (cloak currently unavailable)
rCorr  .         Reflect  .     (gloves currently unavailable)
SustAt .         Harm     .     (boots currently unavailable)
MR     .....     NoTele   +     m - amulet of the gourmand
Stlth  +++.......               (no ring)
                                l - ring of protection from cold

@: mighty, agile, tree-form, not resistant to hostile enchantments, fairly
stealthy
A: (horns 0), (slimy green scales 0), demonic guardian 2
a: Depart the Abyss, Bend Space, Renounce Religion


You were on level 4 of the Dungeon.
You worshipped Lugonu.
Lugonu was pleased with you.
You were very full.
You were a tree.
You visited 1 branch of the dungeon, and saw 4 of its levels.
You visited the Abyss 2 times.

You collected 302 gold pieces.

Inventory:

Hand Weapons
 a - a +1 hand axe (weapon)
Missiles
 x - 4 tomahawks (quivered)
Armour
 e - a +2 pair of boots (melded)
 j - a +0 chain mail (melded)
Jewellery
 l - a ring of protection from cold (left branch)
 m - an amulet of the gourmand (around neck)
Wands
 w - a wand of flame (6/48)
Scrolls
 d - 2 scrolls of immolation {unknown}
 f - 3 scrolls of identify
 n - 3 scrolls of teleportation
 r - a scroll of fog {unknown}
 s - a scroll of amnesia {unknown}
 t - 2 scrolls of remove curse {unknown}
 u - a scroll of recharging {unknown}
Potions
 i - a potion of heal wounds {unknown}
 k - 2 potions of curing
 o - a potion of ambrosia {unknown}
Books
 v - a book of the Dragon

   Spells                             Type                      Level
   a - Flame Tongue                   Conjuration/Fire             1
   b - Cause Fear                     Hexes                        4
   c - Bolt of Fire                   Conjuration/Fire             6
   d - Dragon Form                    Transmutation                7
   e - Dragon's Call                  Summoning                    9
Comestibles
 c - 4 bread rations
 p - 2 beef jerkies
 q - a meat ration


   Skills:
 + Level 4.1 Fighting
 + Level 3.4 Axes
 * Level 5.3 Armour
 + Level 2.6 Dodging
 + Level 2.8 Invocations


You had 6 spell levels left.
You didn't know any spells.

Dungeon Overview and Level Annotations

Branches:
Dungeon (4/15)
 Temple: D:4-7

Altars:
Gozag
Pakellas

Annotations:
D:4 Dowan, Eustachio


Innate Abilities, Weirdness & Mutations

((You have a pair of horns on your head.))
((You are partially covered in slimy green scales (AC +2).))
A demonic guardian rushes to your aid.


Message History

Eustachio casts a spell.
Eustachio blinks!
Unknown command.
Drink which item? (? for menu, Esc to quit)
It was a potion of agility.
You feel agile all of a sudden. Something hits you but does no damage.
The quasit bites you but does no damage.
The quasit claws you but does no damage. x2
The river rat bites you but does no damage.
Drink which item? (? for menu, Esc to quit)
It was a potion of might.
You feel very mighty all of a sudden. Something completely misses you.
The quasit bites you but does no damage.
The quasit claws you but does no damage. x2
You hear some strange, mumbled words.
A stone arrow appears from out of thin air!
The stone arrow hits you!
You die...

#### ####### ... .....
#.# #..#### . #######.#
#......
....#..).)(.######...##
....'..♣5............#..
....#.r....((...........
... #.@.....#######.....
. .#.......# ##....
......#### ###..
#......#### #####..
#........5# #......
#.........# #.##.##
...$..5.@######..#...


You could see Eustachio, a quasit and a river rat.

Vanquished Creatures
  Blork the orc (D:4)
  An orc priest (D:3)
  A hound (D:4)
  3 orc wizards
  Jessica (D:3)
  A worker ant zombie (D:4)
  7 adders
  2 worms (D:3)
  A dart slug (D:1)
  7 orcs
  7 bats
  2 giant cockroaches
  7 goblins
  11 hobgoblins
  3 jackals
  5 kobolds
  A quokka (D:3)
  2 ball pythons (D:3)
  4 giant newts
  12 rats
79 creatures vanquished.

Vanquished Creatures (collateral kills)
  Grinder (D:4)
  Duvessa (D:4)
  A centaur (D:4)
  A howler monkey (D:3)
  A hound (D:4)
  2 orcs (D:3)
  A giant newt (D:4)
  A rat (D:3)
9 creatures vanquished.

Grand Total: 88 creatures vanquished

Notes
Turn   | Place    | Note
--------------------------------------------------------------
     0 | Abyss:1  | Gargoyl the Demonspawn Abyssal Knight began the quest for the Orb.
     0 | Abyss:1  | Reached XP level 1. HP: 18/18 MP: 2/2
    51 | Abyss:1  | Noticed a shadow
    87 | Abyss:1  | Noticed a small abomination
   101 | Abyss:2  | Noticed a neqoxec
   111 | Abyss:2  | Noticed a quasit
   116 | D:1      | Escaped the Abyss
   167 | D:1      | Reached skill level 1 in Dodging
   346 | D:1      | Reached skill level 2 in Armour
   355 | D:1      | Gained mutation: You have a pair of small horns on your head. [demonic ancestry]
   355 | D:1      | Reached XP level 2. HP: 20/24 MP: 3/3
   380 | D:1      | Reached * piety under Lugonu
  1215 | D:2      | Gained mutation: A weak demonic guardian rushes to your aid. [demonic ancestry]
  1215 | D:2      | Reached XP level 3. HP: 29/29 MP: 5/5
  1258 | D:2      | Found an opulent altar of Gozag.
  1258 | D:2      | Found an oddly glowing altar of Pakellas.
  1770 | D:2      | Reached ** piety under Lugonu
  2197 | D:3      | Reached XP level 4. HP: 18/35 MP: 6/6
  2530 | D:3      | Reached skill level 3 in Armour
  2607 | D:3      | Gained mutation: You have a pair of horns on your head. [demonic ancestry]
  2607 | D:3      | Reached XP level 5. HP: 27/41 MP: 7/7
  2806 | D:3      | Noticed Jessica
  2836 | D:3      | Killed Jessica
  3410 | D:4      | Noticed Grinder
  3413 | D:4      | Reached *** piety under Lugonu
  3422 | D:4      | Killed Grinder
  3422 | D:4      | Reached skill level 4 in Armour
  3422 | D:4      | Gained mutation: You are partially covered in slimy green scales (AC +2). [demonic ancestry]
  3422 | D:4      | Reached XP level 6. HP: 34/47 MP: 8/8
  3583 | D:4      | Noticed Blork the orc
  3596 | D:4      | Killed Blork the orc
  3596 | D:4      | Reached skill level 5 in Armour
  3762 | D:4      | Noticed Eustachio
  3766 | D:4      | Cast into level 1 of the Abyss (Eustachio)
  3802 | Abyss:1  | Noticed a spatial maelstrom
  3802 | Abyss:1  | Noticed a spatial vortex
  3802 | Abyss:1  | Noticed a spatial vortex
  3802 | Abyss:1  | Noticed a spatial vortex
  3803 | Abyss:1  | Noticed a spatial vortex
  3804 | Abyss:1  | Noticed a spatial vortex
  3805 | Abyss:1  | Noticed a spatial vortex
  3825 | Abyss:2  | Noticed a ynoxinul
  3826 | D:4      | Escaped the Abyss
  3977 | D:4      | Noticed Duvessa
  3978 | D:4      | Noticed Dowan
  3983 | D:4      | Gained mutation: A demonic guardian rushes to your aid. [demonic ancestry]
  3983 | D:4      | Reached XP level 7. HP: 44/54 MP: 9/9
  3987 | D:4      | Killed Duvessa
  4001 | D:4      | Killed from afar by Dowan

Skill      XL: |  1  2  3  4  5  6 |
---------------+-------------------+-----
Dodging        | 1 2 |  2.6
Armour         | 2 3 4 5 |  5.3
Axes           | 2 3 |  3.4
Fighting       | 4 |  4.1
Invocations    | |  2.8

Action                   |  1- 3 |  4- 6 |  7- 9 || total
-------------------------+-------+-------+-------++-------
Melee: Hand axe          |   158 |   209 |    13 ||   380
       Headbutt          |    12 |    36 |     2 ||    50
Invok: Depart the Abyss  |     1 |     1 |       ||     2
  Use: Potion            |     1 |       |     3 ||     4
       Scroll            |       |     2 |       ||     2
  Eat: Chunk             |     5 |    13 |       ||    18
Armor: Leather armour    |     4 |       |       ||     4
       Ring mail         |    21 |       |       ||    21
       Chain mail        |    89 |   181 |    16 ||   286
       Skin              |       |       |    19 ||    19
Dodge: Dodged            |    63 |    72 |     4 ||   139
